AoeStats
← Drumstein

Black Forest

507792024Analyzed
4v4 RM · 12d ago on Sep 19, 2026· 75m 33s· 8 players
Game mode
Random Map
Map size
Large (8 player)
Population
200
Speed
Normal
Resources
Standard
Victory
Conquest
Starting age
Dark Age
Ending age
Imperial Age
RankedLock teamsTeams togetherTeam positionsShared explorationLock speedFull tech treeHidden civsTurbo modeCheats
Victory
Defeat
🇩🇪 Hindustanis · Germany
981
+15
🇨🇭 Franks · Switzerland
973
+16
🇨🇦 Bulgarians · Canada
961
+16
🇹🇷 Gurjaras · Türkiye
951
+17
🇧🇷 Britons · Brazil
1067
-46
🇧🇷 Persians · Brazil
1025
-18
🇧🇷 Italians · Brazil
975
-16
🇮🇹 Khmer · Italy
802
-10
Swordfish
0:40 Loom
16:55 Feudal Age
21:27 Horse Collar
22:50 Double-Bit Axe
25:09 Castle Age
23:18 Scale Mail Armor
23:29 Forging
23:48 Fishing Lines
24:14 Gold Mining
24:38 Arson
26:56 Wheelbarrow
27:42 Bow Saw
28:11 Hand Cart
28:09 Gillnets
30:33 Gold Shaft Mining
29:49 Stone Mining
31:13 Town Watch
34:10 Stone Shaft Mining
36:46 Imperial Age
37:09 Ballistics
37:30 Heavy Plow
37:20 Onager
38:37 Chain Mail Armor
38:57 Iron Casting
38:14 Fletching
38:23 Pikeman
39:40 Caravan
40:17 Siege Engineers
41:14 Chemistry
40:25 Careening
39:39 Siege Onager
40:20 Stirrups
40:48 Conscription
41:05 Cavalier
41:57 Bloodlines
41:47 Husbandry
42:01 Squires
42:43 Murder Holes
42:50 Halberdier
43:28 Light Cavalry
44:18 Scale Barding Armor
45:05 Plate Mail Armor
45:35 Blast Furnace
45:42 Chain Barding Armor
45:28 Gambesons
46:55 Hussar
48:15 Plate Barding Armor
47:35 Bodkin Arrow
53:26 Bracer
53:14 Elite Konnik
54:00 Bagains
56:52 Heavy Scorpion
56:53 Capped Ram
60:04 Siege Ram
68:28 Padded Archer Armor
Drumstein
0:35 Loom
11:52 Feudal Age
12:27 Double-Bit Axe
19:00 Castle Age
16:56 Horse Collar
19:40 Wheelbarrow
20:07 Bow Saw
20:35 Wheelbarrow
21:08 Husbandry
22:49 Town Watch
30:06 Imperial Age
29:04 Bloodlines
28:30 Elite Skirmisher
32:05 Two-Man Saw
31:30 Caravan
32:04 Forging
31:45 Fletching
32:53 Conscription
32:36 Grand Trunk Road
32:05 Heavy Camel Rider
34:18 Chemistry
33:42 Ballistics
33:28 Light Cavalry
35:23 Squires
39:52 Shatagni
41:03 Hussar
43:14 Siege Engineers
43:05 Murder Holes
43:31 Heavy Plow
45:34 Hand Cart
48:17 Iron Casting
48:01 Imperial Camel Rider
53:14 Gold Mining
53:14 Stone Mining
54:31 Blast Furnace
53:38 Scale Barding Armor
53:28 Bodkin Arrow
53:46 Masonry
53:37 Murder Holes
53:52 Masonry
58:24 Siege Elephant
60:32 Chain Barding Armor
60:15 Bracer
66:24 Hoardings
66:38 Town Patrol
68:54 Padded Archer Armor
69:30 Plate Barding Armor
69:09 Fortified Wall
68:51 Guard Tower
70:23 Thumb Ring
69:39 Crossbowman
Internet User
3:05 Loom
14:30 Feudal Age
16:13 Double-Bit Axe
20:15 Castle Age
18:46 Forging
18:41 Scale Barding Armor
22:16 Iron Casting
21:50 Gold Mining
23:37 Fletching
25:20 Wheelbarrow
27:40 Hand Cart
32:37 Imperial Age
30:35 Ballistics
32:38 Fortified Wall
32:49 Caravan
34:20 Chemistry
35:08 Bodkin Arrow
35:23 Siege Engineers
35:28 Scale Barding Armor
36:41 Elite Throwing Axeman
39:02 Chivalry
38:27 Cavalier
39:08 Husbandry
38:29 Light Cavalry
39:12 Elite Throwing Axeman
44:09 #83
47:58 Bow Saw
48:34 Conscription
48:52 Pikeman
60:11 Murder Holes
70:30 Man-at-Arms
70:57 Gambesons
71:13 Squires
73:21 Guard Tower
Dostoyevski
1:06 Loom
12:13 Feudal Age
17:32 Castle Age
16:23 Stone Mining
16:17 Horse Collar
19:26 Double-Bit Axe
31:51 Imperial Age
31:18 Wheelbarrow
34:14 Hand Cart
36:21 Conscription
36:38 Arson
39:40 Bow Saw
39:32 Heavy Plow
41:52 Forging
41:42 Scale Mail Armor
41:36 Fletching
41:22 Elite Chakram Thrower
42:10 Kshatriyas
45:45 Bodkin Arrow
46:25 Iron Casting
46:22 Caravan
47:01 Crop Rotation
46:30 Gold Mining
47:18 Stone Shaft Mining
48:06 Ballistics
48:48 Chemistry
47:50 Bracer
47:58 Scale Barding Armor
55:47 Bloodlines
55:38 Husbandry
56:01 Frontier Guards
61:18 Treadmill Crane
62:02 Chain Barding Armor
61:44 Scale Mail Armor
71:06 Chain Mail Armor
70:53 Padded Archer Armor
71:07 Masonry
71:08 Fortified Wall
PePão
0:29 Loom
13:29 Feudal Age
17:16 Castle Age
17:53 Double-Bit Axe
17:50 Horse Collar
19:18 Heavy Plow
19:30 Bow Saw
26:38 Wheelbarrow
29:57 Hand Cart
30:06 Elite Skirmisher
30:58 Fletching
31:08 Padded Archer Armor
34:29 Imperial Age
33:05 Fletching
33:15 Padded Archer Armor
34:28 Thumb Ring
35:13 Ballistics
34:54 Bodkin Arrow
35:15 Leather Archer Armor
36:45 Chemistry
35:46 Bracer
38:20 Ring Archer Armor
47:47 Fortified Wall
47:33 Murder Holes
47:50 Masonry
cavalinho
12:42 Feudal Age
13:58 Loom
21:18 Castle Age
20:05 Double-Bit Axe
20:06 Horse Collar
23:16 Gold Mining
23:17 Stone Mining
26:38 Bow Saw
26:35 Elite Skirmisher
27:50 Fletching
28:01 Scale Mail Armor
28:01 Padded Archer Armor
30:11 Heavy Plow
31:19 Bodkin Arrow
31:34 Forging
33:59 Iron Casting
34:46 Ballistics
34:19 Pikeman
39:52 Heated Shot
42:21 Gold Shaft Mining
49:24 Leather Archer Armor
49:25 Chain Mail Armor
54:36 Imperial Age
53:49 Yeomen
56:20 Chemistry
59:25 Elite Longbowman
63:50 Halberdier
71:05 Blast Furnace
70:06 Bracer
70:38 Ring Archer Armor
70:43 Plate Mail Armor
Mia.Star
6:49 Loom
9:44 Feudal Age
10:08 Double-Bit Axe
10:05 Horse Collar
21:54 Castle Age
20:41 Gold Mining
20:51 Fletching
22:05 Wheelbarrow
21:16 Town Watch
22:46 Bow Saw
22:39 Heavy Plow
27:00 Gold Shaft Mining
30:38 Imperial Age
28:09 Pikeman
28:51 Squires
28:37 Arson
28:59 Husbandry
30:03 Hand Cart
30:29 Bloodlines
29:42 Light Cavalry
30:21 Cavalier
32:14 Two-Man Saw
31:52 Crop Rotation
32:31 Stone Mining
32:47 Caravan
33:22 Coinage
33:11 Guilds
32:46 Halberdier
33:16 Savar
34:24 Heated Shot
34:59 Masonry
35:42 Forging
35:38 Scale Barding Armor
35:29 Bodkin Arrow
35:58 Conscription
41:01 Iron Casting
40:46 Chain Barding Armor
40:27 Padded Archer Armor
41:05 Citadels
47:38 Gambesons
57:02 Onager
57:03 Capped Ram
62:42 Siege Ram
Evy
0:53 Loom
11:44 Feudal Age
12:55 Double-Bit Axe
13:06 Horse Collar
17:34 Wheelbarrow
23:19 Castle Age
21:41 Stone Mining
22:34 Gold Mining
23:21 Scale Mail Armor
23:34 Fletching
24:58 Bow Saw
25:00 Heavy Plow
27:07 Forging
30:38 Pikeman
32:12 Hand Cart
32:39 Padded Archer Armor
32:53 Town Watch
33:39 Light Cavalry
34:29 Bloodlines
36:09 Elite Skirmisher
42:13 Imperial Age
40:39 Bloodlines
40:30 Husbandry
42:23 Ballistics
42:02 Bodkin Arrow
42:43 Iron Casting
42:15 Scale Barding Armor
42:21 Cavalier
45:36 Halberdier
48:17 Hoardings
47:14 Sappers
48:05 Conscription
61:08 Masonry
61:59 Chemistry
61:49 Chain Mail Armor
62:35 Blast Furnace
61:35 Bracer
61:51 Leather Archer Armor
Connection lost

Rejoining the realm…

Still unreachable

The connection could not be restored.

Session expired

The server has moved on; the page needs a fresh start.